 Dungeon Crawl Stone Soup version 0.22-a0-135-g6f012ad (webtiles) character file.

499 tof the Cudgeler (level 6, -12/56 HPs)
             Began as a Minotaur Fighter on Jan 31, 2018.
             Mangled by Menkaure (17 damage)
             ... on level 5 of the Dungeon.
             The game lasted 00:05:29 (3342 turns).

tof the Cudgeler (Minotaur Fighter)                 Turns: 3342, Time: 00:05:30

Health: -12/56     AC:  8    Str: 21    XL:     6   Next: 94%
Magic:  5/5        EV:  7    Int:  5    God:
Gold:   106        SH: 10    Dex: 14    Spells: 5/5 levels left

rFire    . . .     SeeInvis .   D - -3 whip (curse)
rCold    . . .     Gourm    .   c - +0 shield
rNeg     . . .     Faith    .   b - +0 scale mail
rPois    .         Spirit   .   (helmet restricted)
rElec    .         Reflect  .   (no cloak)
rCorr    +         Harm     .   q - +0 pair of gloves {Dex+3}
MR       .....                  (no boots)
Stlth    ..........             j - amulet of regeneration
HPRegen  0.58/turn              l - ring of resist corrosion
MPRegen  0.09/turn              (no ring)

@: no status effects
A: retaliatory headbutt, horns 2
a: no special abilities


You were on level 5 of the Dungeon.
You were not hungry.

You visited 1 branch of the dungeon, and saw 5 of its levels.

You collected 106 gold pieces.

Inventory:

Hand Weapons
 a - a +0 flail
 D - a cursed -3 whip (weapon)
Armour
 b - a +0 scale mail (worn)
 c - a +0 shield (worn)
 q - a +0 pair of gloves of dexterity (worn)
Jewellery
 j - an amulet of regeneration (around neck)
 l - a ring of resist corrosion (left hand)
Scrolls
 g - 3 scrolls of magic mapping
 h - 3 scrolls of teleportation
 k - 2 scrolls of identify
 p - 3 scrolls of enchant weapon
 s - 2 scrolls of enchant armour
 t - a scroll of fog
 w - a scroll of blinking
 y - a scroll of remove curse {unknown}
 A - a scroll of random uselessness {unknown}
 B - 2 scrolls of immolation {unknown}
 C - a scroll of fear {unknown}
Potions
 d - 3 potions of might
 e - 5 potions of curing {unknown}
 i - 2 potions of heal wounds {unknown}
 m - 3 potions of brilliance {unknown}
 n - a potion of agility {unknown}
 o - 2 potions of mutation {unknown}
 r - a potion of flight {unknown}
 u - a potion of ambrosia {unknown}
 v - a potion of lignification {unknown}
Books
 z - a book of Conjurations

   Spells                             Type                      Level
   a - Magic Dart                     Conjuration                  1
   b - Searing Ray                    Conjuration                  2
   c - Dazzling Spray                 Conjuration/Hexes            3
   d - Fulminant Prism                Conjuration/Hexes            4
   e - Force Lance                    Conjuration/Translocation    4
   f - Iskenderun's Mystic Blast      Conjuration                  4
Comestibles
 f - 4 rations
 x - a chunk of flesh


   Skills:
 + Level 5.4 Fighting
 * Level 5.9 Maces & Flails
 + Level 5.3 Armour
 + Level 5.2 Shields


You had 5 spell levels left.
You didn't know any spells.

Dungeon Overview and Level Annotations

Branches:
Dungeon (5/15)
 Temple: D:4-7

Altars:
Gozag
Kikubaaqudgha
Ru

Annotations:
D:3 2 transporters
D:5 Menkaure


Innate Abilities, Weirdness & Mutations

You reflexively headbutt those who attack you in melee.
You have a pair of horns on your head.


Message History

Your headbutt misses the ball python.
Menkaure calls on the powers of darkness!
The leopard gecko convulses!
The ball python convulses!
Your body is wracked with pain!
* * * LOW HITPOINT WARNING * * *
The ball python bites you but does no damage.
The ball python constricts you.
You hit the ball python.
You kill the ball python!
The leopard gecko bites you but does no damage. x2
You hit the leopard gecko but do no damage.
The leopard gecko is moderately wounded.
Menkaure gestures at you while chanting.
Pain shoots through your body!
* * * LOW HITPOINT WARNING * * *
You block the leopard gecko's attack.
You barely miss the leopard gecko.
The leopard gecko is moderately wounded.
Menkaure hits you!
You die...

###### #....#
#<...# #....#
#....# . #..@.#
... #.Ml.#..#
#.$....#
...........##
...............
...........##...
...........# ..
............ .
.............


You could see Menkaure and a leopard gecko.

Vanquished Creatures
  A phantom (D:4)
  An ogre (D:4)
  A jelly (D:1)
  An orc wizard (D:3)
  An orc priest (D:4)
  A worker ant (D:2)
  A hound skeleton (D:4)
  4 gnolls (D:4)
  4 adders
  4 oozes (D:1)
  2 worms (D:2)
  A dart slug (D:4)
  A leopard gecko (D:3)
  8 orcs
  2 ball pythons
  8 bats
  9 giant cockroaches
  8 goblins
  4 hobgoblins
  9 jackals
  8 kobolds
  2 quokkas
  5 frilled lizards
  A jackal skeleton (D:4)
  A leopard gecko skeleton (D:4)
  13 rats
101 creatures vanquished.

Notes
Turn   | Place    | Note
-------+----------+-------------------------------------------
     0 | D:1      | tof the Minotaur Fighter began the quest for the Orb.
     0 | D:1      | Reached XP level 1. HP: 19/19 MP: 0/0
     1 | D:1      | Found a runed door.
   146 | D:1      | Reached XP level 2. HP: 27/27 MP: 1/1
   859 | D:1      | Reached XP level 3. HP: 33/33 MP: 2/2
   877 | D:1      | Reached XP level 4. HP: 40/40 MP: 3/3
  1211 | D:2      | Reached XP level 5. HP: 33/47 MP: 4/4
  1429 | D:2      | Found a sacrificial altar of Ru.
  1535 | D:3      | Found a transporter.
  1657 | D:3      | Found an ancient bone altar of Kikubaaqudgha.
  1708 | D:3      | Found a transporter.
  1717 | D:3      | Noticed a kobold demonologist
  2026 | D:3      | Found an opulent altar of Gozag.
  2287 | D:4      | Noticed an ogre
  2293 | D:4      | Killed an ogre
  2293 | D:4      | Reached skill level 5 in Fighting
  2293 | D:4      | Reached skill level 5 in Maces & Flails
  2293 | D:4      | Reached skill level 5 in Armour
  2293 | D:4      | Reached XP level 6. HP: 56/56 MP: 5/5
  2613 | D:4      | Reached skill level 5 in Shields
  3093 | D:5      | Entered Level 5 of the Dungeon
  3098 | D:5      | Noticed Menkaure
  3342 | D:5      | Mangled by Menkaure

Vault maps used:
D:1:      dpeg_arrival_caged_fury, minmay_tripent
D:2:      nicolae_ru_sacrificial_ziggurat, solitary_fountain
D:3:      gammafunk_wand_slinger, old_standard_altar, overflow_temple_1_default,
          grunt_ministairs_6
D:4:      minmay_item_behind_shaft, hangedman_abyss_or_decor_stabs,
          minmay_misc_feat_iff
D:5:      serial_shops, nicolae_shop_window_shopping, nicolae_shop_trees,
          first_ration, uniq_menkaure

Skill      XL: |  1  2  3  4  5  6 |
---------------+-------------------+-----
Maces & Flails | 3 4 5 |  5.9
Armour         | 4 5 |  5.3
Fighting       | 4 5 |  5.4
Shields        | 4 5 |  5.2

Action                   |  1- 3 |  4- 6 || total
-------------------------+-------+-------++-------
Melee: Flail             |    64 |   155 ||   219
       Headbutt          |     6 |    31 ||    37
       Whip              |       |    59 ||    59
  Use: Scroll            |       |     6 ||     6
  Eat: Chunk             |       |     8 ||     8
Armor: Scale mail        |    32 |    85 ||   117
Dodge: Dodged            |    19 |    64 ||    83
Block: Shield            |    37 |   107 ||   144

Table legend:
 A = Spawn XP
 B = Non-spawn XP
 C = Spawn XP percentage of total XP
 D = Spawn monster count
 E = Non-spawn monster count
 F = Spawn count percentage of total count
 G = Total turns spent on level
                    A         B        C        D         E        F      G
               +---------+---------+-------+---------+---------+-------+---------
         Total |       0 |     714 |   0.0 |       0 |     101 |   0.0 |  3342
               +---------+---------+-------+---------+---------+-------+---------
           D:1 |       0 |     125 |   0.0 |       0 |      41 |   0.0 |  1016
           D:2 |       0 |     109 |   0.0 |       0 |      20 |   0.0 |   487
           D:3 |       0 |      77 |   0.0 |       0 |      18 |   0.0 |   784
           D:4 |       0 |     401 |   0.0 |       0 |      21 |   0.0 |  1027
           D:5 |       0 |       2 |   0.0 |       0 |       1 |   0.0 |    28
               +---------+---------+-------+---------+---------+-------+---------
